 Dungeon Sprint DCSS version 0.28-a0-1447-ga5a8893891 (webtiles) character file.

Game seed: 14563379298418308908

3 DarkBird the Magician (level 1, -1/15 HPs)
             Began as a Naga Hedge Wizard on Jan 11, 2022.
             Slain by a goblin (5 damage)
             ... in the Dungeon (Sprint IX: "|||||||||||||||||||||||||||||").
             The game lasted 00:00:29 (127 turns).

DarkBird the Magician (Naga Hedge Wizard)            Turns: 127, Time: 00:00:31

Health: -1/15      AC:  1    Str: 12    XL:     1   Next: 50%
Magic:  3/5        EV:  9    Int: 14    God:
Gold:   0          SH:  0    Dex: 10    Spells: 6/8 levels left

rFire   . . .      SeeInvis +   a - +0 dagger
rCold   . . .      Faith    .   (no shield)
rNeg    . . .      Spirit   .   b - +0 robe
rPois   +          Reflect  .   c - +0 hat
rElec   .          Harm     .   (no cloak)
rCorr   .          Rampage  .   (no gloves)
Will    .....      NoTele   +   (no barding)
Stlth   ++........              (no amulet)
HPRegen 0.05/turn               (no ring)
MPRegen 0.09/turn               (no ring)

@: short of breath, very slow
A: AC +0, large, see invisible, deformed body, poison resistance, slowness 2,
spit poison 1, naga tail 1
a: Spit Poison


You were in the Dungeon.
You visited 1 branch

Inventory:

Hand Weapons
 a - a +0 dagger (weapon)
Armour
 b - a +0 robe (worn)
 c - a +0 hat (worn)
Scrolls
 i - a scroll of blinking
Potions
 d - a potion of curing
 e - a potion of heal wounds
 f - a potion of haste
 g - 2 potions of magic
 h - a potion of berserk rage


   Skills:
 + Level 1.5 Dodging
 + Level 3.0 Stealth
 + Level 4.1 Spellcasting
 + Level 1.0 Conjurations
 + Level 1.0 Summonings
 + Level 1.0 Translocations


You had 6 spell levels left.
You knew the following spells:

 Your Spells              Type           Power      Damage    Failure   Level
a - Magic Dart            Conj           20%        1d4       13%         1
b - Slow                  Hex            8%         N/A       19%         1

Your spell library contained the following spells:

 Spells                   Type           Power      Damage    Failure   Level
 Blink                    Tloc           10%        N/A       19%         2
 Call Imp                 Summ           5%         N/A       19%         2
 Conjure Flame            Conj/Fire      4%         6-21      43%         3
 Mephitic Cloud           Conj/Pois/Air  3%         N/A       45%         3


Dungeon Overview and Level Annotations

Branches:
Dungeon (1/1)

Altars:


Innate Abilities, Weirdness & Mutations

Your serpentine skin is tough. (AC +0)
You have supernaturally acute eyesight. (SInv)
Armour fits poorly on your strangely shaped body.
Your system is resistant to poisons. (rPois)
You cover ground very slowly.
You can spit poison.
You have a snake-like lower body.


Message History

The rat twitches its whiskers.
You hit the bat but do no damage.
The bat is severely wounded.
The bat hits you but does no damage.
Your magical contamination has completely faded away.
You miss the bat.
The bat is severely wounded.
The bat hits you.
You hit the bat.
You kill the bat!
You hit the rat.
You kill the rat!
The goblin hits you with a +0 dagger. x2
There is an open door to the Dungeon here.
Items here: ( ) ††.
You closely miss the goblin. The goblin hits you with a +0 dagger.
You closely miss the goblin. The goblin hits you with a +0 dagger.
You closely miss the goblin. The goblin barely misses you.
You are too injured to fight recklessly!
You are too injured to fight recklessly!
Aiming: Slow (safe; 21% risk of failure)
Press: ? - help, Q - select action, (/) - cycle Shift-Dir - straight line, f - goblin
Aim: a goblin, wielding a +0 dagger (chance to affect: 53%)
The goblin seems to slow down.
You closely miss the goblin. The goblin hits you but does no damage.
You barely miss the goblin. Your punch misses the goblin.
The goblin is no longer moving slowly.
The goblin hits you with a +0 dagger.
* * * LOW HITPOINT WARNING * * *
You closely miss the goblin. The goblin completely misses you.
You hit the goblin but do no damage. The goblin barely misses you.
You hit the goblin.
You kill the goblin!
Your Spellcasting skill increases to level 4!
You are too injured to fight recklessly!
Aiming: Spit Poison (3% risk of failure)
Press: ? - help, Q - select action, (/) - cycle Shift-Dir - straight line, f - goblin
Aim: a goblin, wielding a +0 club (43% to hit)
The splash of poison misses the goblin.
The goblin hits you with a +0 club.
You die...

▓+▓
▓.▓
▓.▓
▓.▓
▓.▓
▓g▓
▓@▓
▓.▓
▓.▓
▓.▓
▓<▓
▓▓▓


You could see a goblin.

Vanquished Creatures
  A goblin (D)
  A bat (D)
  A kobold (D)
  A rat (D)
4 creatures vanquished.

Notes
Turn   | Place    | Note
-------+----------+-------------------------------------------
     0 | D        | DarkBird the Naga Hedge Wizard began the quest for the Orb.
     0 | D        | Reached XP level 1. HP: 15/15 MP: 4/4
     5 | D        | Learned a level 1 spell: Slow
   127 | D        | Reached skill level 4 in Spellcasting
   127 | D        | Slain by a goblin

Illustrated notes

Levels and vault maps discovered:
D:        linesprint [early_d, line_temple, items_1, d_10, items_2, lair_1,
          lair_end, items_3, orc_1, orc_end, items_4, d_15, swamp_1, shoals_1,
          snake_1, spider_1, d_20, vaults_1, items_5, swamp_end, shoals_end,
          snake_end, spider_end, vaults_end, d_27, items_6, zot_1, zot_end,
          crypt_end, forest_end, elf_end, slime_end, tomb_end, abyss_end,
          pan_hell_end]

Skill      XL: |  1 |
---------------+----+-----
Spellcasting   | 4 |  4.1
Dodging        | |  1.5
Stealth        | |  3.0
Conjurations   | |  1.0
Summonings     | |  1.0
Translocations | |  1.0

Action                   || total
-------------------------++-------
Melee: Dagger            ||    17
 Cast: Magic Dart        ||     1
       Slow              ||     1
 Abil: Spit Poison       ||     1
Armor: Robe              ||     5
Dodge: Dodged            ||     7

Table legend: (Time is in decaauts)
 A = Elapsed time spent in this place.
 B = Non-inter-level travel time spent in this place.
 C = Inter-level travel time spent in this place.
 D = Time resting spent in this place.
 E = Time spent auto-exploring this place.
 F = Levels seen in this place.
 G = Mean time per level.
                   A        B        C        D        E       F      G
               +--------+--------+--------+--------+--------+-----+--------+
         Total |    128 |    128 |      0 |    100 |      0 |   1 |  128.0 |
       Dungeon |    128 |    128 |      0 |    100 |      0 |   1 |  128.0 |
               +--------+--------+--------+--------+--------+-----+--------+

Top non-repeatable levels by time:
       D: 128 daAuts
